 Dungeon Crawl Stone Soup version 0.31-a0-625-gc9c7e45f3f (webtiles) character file.

Game seed: 3935265520955882081

11 GordonOverkill the Sneak (level 2, 0/16 HPs)
             Began as a Vine Stalker Delver on Aug 24, 2023.
             Was an Initiate of Ru.
             Succumbed to an orc's poison
             ... on level 4 of the Dungeon.
             The game lasted 00:01:22 (235 turns).

GordonOverkill the Sneak (Vine Stalker Delver)       Turns: 235, Time: 00:01:23

Health: 0/16       AC:  3    Str: 14    XL:     2   Next: 25%
Magic:  2/3        EV: 11    Int: 10    God:    Ru [......]
Gold:   25         SH:  0    Dex: 15    Spells: 1/1 levels left

rFire   . . .        h - +7 flail of a bailey {drain, SInv}
rCold   . . .        (no shield)
rNeg    . . .        b - +0 leather armour
rPois   .            (no helmet)
rElec   .            (no cloak)
rCorr   .            (no gloves)
SInv    +            (no boots)
Will    .....        (no amulet)
Stlth   +++          (no ring)
HPRegen 0.22/turn    (no ring)
MPRegen 0.08/turn

%: guardian spirit
@: lethally poisoned (0 -> -11)
A: fangs 2, magic shield, antimagic bite, no potion heal 2
a: Renounce Religion


You were on level 4 of the Dungeon.
You worshipped Ru.
Ru was noncommittal.
You visited 1 branch of the dungeon, and saw 3 of its levels.

You collected 25 gold pieces.

Inventory:

Hand Weapons
 a - a +0 short sword
 h - the +7 flail of a bailey (weapon) {drain, SInv}
   (You found it on level 6 of the Dungeon)

   SInv:      It lets you see invisible.
Armour
 b - a +0 leather armour (worn)
 i - a +0 ring mail
Wands
 g - a wand of digging (3)
Scrolls
 c - a scroll of fog
 d - a scroll of revelation
 e - a scroll of fear
 j - a scroll of identify {unknown}
Potions
 f - a potion of haste
 k - a potion of heal wounds {unknown}


   Skills:
 - Level 2.6 Fighting
 - Level 1.7 Short Blades
 + Level 1.6 Maces & Flails
 - Level 1.5 Dodging
 - Level 6.0 Stealth


You had one spell level left.
You didn't know any spells.
Your spell library was empty.

Dungeon Overview and Level Annotations

Branches:
Dungeon (6/15)
 Temple: D:4-7

Altars:
Ru

Shops:
D:5 :


Innate Abilities, Weirdness & Mutations

You have extremely sharp teeth.
When hurt, damage is shared between your health and your magic reserves.
Your bite disrupts and absorbs the magic of your enemies.
Potions cannot restore your health.


Message History

There is a stone staircase leading down here.
There is a stone staircase leading up here.
You climb upwards.
There is a stone staircase leading down here.
The helpless kobold fails to defend itself.
You hit the kobold.
You kill the kobold!
No target in view!
No target in view!
No target in view!
Things that are here:
a +0 dagger; 3 stones; a kobold corpse
Found a fuming orange potion.
An orc comes into view. It is wielding a +0 hand axe.
k - a fuming orange potion An orc comes into view.
It is wielding a +0 whip.
Found 11 gold pieces.
An orc comes into view. It is wielding a +2 trident of venom.
A goblin and an orc come into view.
The orc closely misses you.
You sock the orc!
You kill the orc!
The orc shouts! x3; The goblin shouts!
The orc hits you with a +0 whip.
You see here a +0 hand axe.
You hit the orc but do no damage. Your bite misses the orc.
The orc barely misses you. x2
You completely miss the orc. You bite the orc. You drain its power.
The orc is severely wounded.
The orc closely misses you. The orc hits you with a +0 whip.
The orc closely misses you. The orc hits you with a +0 whip.
* * * LOW HITPOINT WARNING * * *
The orc hits you but does no damage.
The orc hits you from afar with a +2 trident of venom.
* * * LOW HITPOINT WARNING * * *
You are lethally poisoned!
You are too injured to fight recklessly!
* * * LOW HITPOINT WARNING * * *
You feel very sick.
You die...

#.# #. #.# #. #.#
#. #.# #.# #.# ###
#.. #.# ....#..
#.####.#
....$..#####......#
.....ooo.@....#####
......g######.#
#...#.. #.#### ###
#.. #.##..
...######.##.#
###........##.#
########.##.#
#.##.# #.##.##


You could see 3 orcs and a goblin.

Vanquished Creatures
  An ufetubus (D:5)
  An orc (D:4)
  2 jackals (D:5)
  A kobold (D:4)
5 creatures vanquished.

Notes
Turn   | Place    | Note
-------+----------+-------------------------------------------
     0 | D:5      | GordonOverkill the Vine Stalker Delver began the quest for
                  | the Orb.
     0 | D:5      | Reached XP level 1. HP: 11/11 MP: 2/2
     8 | D:6      | Identified the +7 flail of a bailey {drain, SInv}
    59 | D:5      | Found a sacrificial altar of Ru.
    66 | D:5      | Became a worshipper of Ru the Awakened
   117 | D:5      | Reached skill level 1 in Maces & Flails
   117 | D:5      | Found Irucs's Book Emporium.
   139 | D:5      | Reached XP level 2. HP: 16/16 MP: 3/3
   169 | D:6      | Noticed a black bear
   235 | D:4      | Succumbed to an orc's poison

Illustrated notes

Levels and vault maps discovered:
D:4:      layout_loops_ring, minmay_shop_damaged, uniq_duvessa, uniq_eustachio
D:5:      layout_rooms, mainiacjoe_overflow_24_doors, serial_shops,
          nicolae_book_shop_shelving, uniq_crazy_yiuf_cottage
D:6:      layout_loops_corners, temple_statues, serial_bayou,
          serial_bayou_lake_a, serial_bayou_pond_a, serial_bayou_shore_b,
          serial_bayou_pond_e

Skill      XL: |  1 |
---------------+----+-----
Maces & Flails | 1 |  1.6
Fighting       | |  2.6
Short Blades   | |  1.7
Dodging        | |  1.5
Stealth        | |  6.0

Action                     || total
---------------------------++-------
  Melee: Flail             ||     8
         Bite              ||     2
   Stab: Sleeping          ||     1
 Armour: Leather armour    ||     1
  Dodge: Dodged            ||    13

Table legend: (Time is in decaauts)
 A = Elapsed time spent in this place.
 B = Non-inter-level travel time spent in this place.
 C = Inter-level travel time spent in this place.
 D = Time resting spent in this place.
 E = Time spent auto-exploring this place.
 F = Levels seen in this place.
 G = Mean time per level.
                   A        B        C        D        E       F      G
               +--------+--------+--------+--------+--------+-----+--------+
         Total |    237 |    201 |     36 |      0 |      0 |   3 |   79.0 |
       Dungeon |    237 |    201 |     36 |      0 |      0 |   3 |   79.0 |
               +--------+--------+--------+--------+--------+-----+--------+

Top non-repeatable levels by time:
     D:5: 154 daAuts
     D:6: 51 daAuts
     D:4: 31 daAuts
